Map: Malwarfare

Players

Smileblind

  • Race: Protoss Protoss
  • League: Silver
  • Spawn Location: 7:00

DONNY

  • Race: Zerg Zerg
  • Spawn Location: 7:00

VOD

Have the link to the VOD?

Description

Time

  • Played on: Feb. 9, 2019, 7:11 p.m.
  • Length: 25:59
Show
View Real Time Build Order
Export as new Build Order

Smileblind Protoss 

Build Orders:  

Get SALT Encoding   

  12  0:08  Probe (Chrono Boost)  
  13  0:22  Probe (Chrono Boost)  
  14  0:35  Probe (Chrono Boost)  
  15  0:47  Gateway  
  15  0:51  Pylon  
  15  1:16  Probe (Chrono Boost)  
  16  1:25  Pylon  
  10  1:30  Probe (Chrono Boost)  
  17  1:43  Probe (Chrono Boost)  
  17  1:44  Assimilator  
  18  1:57  Probe (Chrono Boost)  
  18  1:59  Cybernetics Core  
  19  2:11  Probe (Chrono Boost)  
  19  2:12  Assimilator  
  19  2:17  Zealot  
  22  2:25  Probe (Chrono Boost)  
  22  2:27  Zealot  
  25  2:38  Pylon  
  25  2:39  Probe (Chrono Boost)  
  26  2:53  Probe (Chrono Boost)  
  27  3:07  Probe (Chrono Boost)  
  28  3:21  Probe (Chrono Boost)  
  28  3:22  Gateway  
  28  3:25  Zealot  
  31  3:31  Zealot  
  31  3:34  Probe (Chrono Boost)  
  34  3:48  Probe (Chrono Boost)  
  35  3:51  Dragoon  
  37  4:02  Probe (Chrono Boost)  
  38  4:10  Forge  
  38  4:36  Pylon  
  38  4:38  Pylon  
  38  4:44  Protoss Ground Weapons Level 1  
  38  5:10  Pylon  
  38  5:14  Pylon  
  38  5:19  Pylon  
  38  5:26  Pylon  
  38  5:30  Stargate  
  38  5:31  Dragoon x2  
  42  5:46  Zealot x2  
  46  6:03  Twilight Council  
  46  6:16  Dragoon  
  46  6:19  Zealot  
  50  6:43  Phoenix  
  52  6:59  Charge  
  52  8:34  Dragoon  
  52  8:35  Dragoon x2  
  52  8:38  Zealot x3  
  60  8:46  Singularity Charge  
  60  8:52  Nexus  
  60  8:57  Assimilator  
  60  9:02  Assimilator  
  60  9:08  Pylon  
  60  9:11  Pylon  
  60  9:36  Templar Archives  
  60  9:39  Probe (Chrono Boost)  
  61  9:46  Whirlwind  
  61  9:56  Probe (Chrono Boost)  
  60  10:13  Probe (Chrono Boost)  
  57  10:24  Zealot x3  
  57  10:25  Zealot  
  57  10:27  Zealot  
  64  10:30  Probe (Chrono Boost)  
  60  10:42  Zealot  
  60  10:47  Probe (Chrono Boost)  
  60  10:49  Phoenix x2  
  67  10:54  Zealot  
  67  11:00  Zealot  
  69  11:26  Dragoon x2  
  71  12:03  High Templar  
  71  12:07  High Templar  
  75  12:11  Archon  
  75  12:17  Probe (Chrono Boost)  
  76  12:31  Probe (Chrono Boost)  
  76  12:35  Dragoon x2  
  81  12:45  Probe (Chrono Boost)  
  82  12:58  Probe (Chrono Boost)  
  83  13:05  Zealot x2  
  87  13:10  Protoss Ground Weapons Level 2  
  87  13:12  Probe (Chrono Boost)  
  74  14:42  Zealot x2  
  74  14:43  Zealot x3  
  82  14:56  Psionic Storm  
  82  15:14  Pylon  
  82  15:17  Pylon  
  82  15:19  Probe (Chrono Boost)  
  82  15:20  Gateway  
  82  15:23  Gateway  
  82  15:27  Dragoon  
  82  15:28  Dragoon x2  
  89  15:33  Probe (Chrono Boost)  
  90  15:45  Khaydarin Amulet  
  90  15:47  Probe (Chrono Boost)  
  89  16:01  Probe (Chrono Boost)  
  90  16:14  Probe (Chrono Boost)  
  79  16:40  High Templar x2  
  79  16:41  High Templar x4  
  79  16:42  High Templar  
  79  16:45  Archon  
  79  16:46  Archon x2  
  93  16:50  High Templar  
  93  16:56  Archon  
  95  17:20  Zealot x2  
  95  18:09  Zealot x2  
  99  18:10  Zealot x3  
  99  18:11  Zealot  
  93  18:29  Zealot x2  
  71  19:11  Zealot x2  
  71  19:12  Zealot x4  
  79  19:25  Zealot  
  63  19:55  Zealot x3  
  63  19:56  Zealot x2  
  73  20:07  Zealot x2  
  77  20:30  Zealot x2  
  77  20:31  Zealot  
  81  20:42  Zealot  
  83  21:04  High Templar x4  
  83  21:08  Archon x2  
  91  21:43  Zealot x2  
  91  21:44  Zealot x3  
  99  21:56  Dragoon x2  
  99  21:57  Dragoon  
  95  22:11  Photon Cannon  
  95  22:12  Photon Cannon  
  69  23:25  Dragoon x3  
  69  23:26  Dragoon x2  
  69  23:27  Dragoon x4  
  45  23:55  Zealot  
  45  23:56  Zealot x2  
  43  24:10  Zealot x2  
  43  24:11  Zealot  
  43  24:24  Dragoon  
  45  24:32  Zealot  
  45  24:35  Zealot  
  45  24:44  Zealot  
  45  24:46  Zealot  
  43  25:03  Zealot x2  
  47  25:12  Zealot  
  43  25:21  Zealot  
Show
View Real Time Build Order
Export as new Build Order

DONNY Zerg 

Build Orders:  

Get SALT Encoding   

  12  0:27  Drone x2  
  14  0:31  Overlord  
  14  1:01  Drone  
  14  1:02  Drone x2  
  17  1:19  Extractor  
  16  1:34  Drone  
  16  1:35  Drone x2  
  19  2:02  Overlord  
  19  2:28  Drone x2  
  21  2:51  Drone x2  
  23  3:00  Extractor  
  22  3:13  Spawning Pool  
  22  3:17  Drone  
  22  3:18  Drone  
  23  3:33  Drone  
  24  3:54  Zergling x2  
  24  3:58  Queen  
  27  4:48  Queen  
  29  4:55  Drone  
  29  4:58  Overlord  
  30  5:37  Queen  
  32  5:52  Zergling x4  
  32  5:53  Zergling x2  
  34  8:25  Drone  
  34  8:26  Drone x2  
  37  8:34  Evolution Chamber  
  36  9:19  Heroic Fortitude  
  36  9:23  Drone  
  37  9:32  Lair  
  37  9:41  Hatchery  
  37  9:42  Zergling x4  
  37  9:44  Overlord  
  37  9:45  Overlord x3  
  35  10:42  Zergling x6  
  33  11:34  Hive  
  29  12:06  Zergling x6  
  29  12:07  Zergling x6  
  35  12:14  Zergling x4  
  35  12:15  Zergling x8  
  41  13:30  Zergling x8  
  41  13:34  Zergling x2  
  41  13:35  Zergling x8  
  35  15:19  Zergling x4  
  37  15:20  Zergling x8  
  37  15:25  Zergling x4  
  37  15:26  Zergling x8  
  41  16:33  Zergling x2  
  41  16:34  Zergling x6  
  45  16:42  Zergling x4  
  45  16:43  Zergling x4  
  36  17:49  Zergling x10  
  40  17:53  Zergling x2  
  40  17:54  Zergling x10  
  41  19:00  Zergling x6  
  41  19:01  Zergling x2  
  41  19:07  Zergling x4  
  41  19:08  Zergling x6  
  36  19:57  Zergling x8  
  40  20:02  Zergling x6  
  40  20:03  Zergling x2  
  43  21:04  Zergling x8  
  43  21:08  Zergling x2  
  43  21:09  Zergling x6  
  33  22:11  Zergling x4  
  33  22:12  Zergling x6  
  33  22:16  Zergling x8  
  33  22:17  Zergling x2  
  37  23:26  Zergling x4  
  37  23:27  Zergling x6  
  42  23:31  Zergling x4  
  42  23:32  Zergling x6  
  37  24:53  Zergling x4  
  37  24:54  Zergling x6  
  37  24:58  Zergling x2  
  37  24:59  Zergling x8  
  151  25:00  Zergling x2  
Tags
 
League
Silver
Matchup
Co-op
Add a new tag
Caveats
  • Supply blocks, unpowered buildings, or Contaminate may cause inaccurate times.
  • Supply counts are checked every 10 seconds.